 Dungeon Crawl Stone Soup version 0.27-a0-1291-geefcff5 (webtiles) character file.

Game seed: 3940819556000475415

30 Illumine the Shield-Bearer (level 3, 0/33 HPs)
             Began as a Minotaur Fighter on June 15, 2021.
             Slain by Sigmund (1 damage)
             ... on level 2 of the Dungeon.
             The game lasted 00:00:59 (1034 turns).

Illumine the Shield-Bearer (Minotaur Fighter)       Turns: 1034, Time: 00:01:00

Health: 0/33       AC:  6    Str: 21    XL:     3   Next: 3%
Magic:  2/2        EV:  7    Int:  5    God:
Gold:   12         SH:  9    Dex:  9    Spells: 2/2 levels left

rFire    . . .     SeeInvis .   a - +0 war axe
rCold    . . .     Faith    .   c - +0 kite shield
rNeg     . . .     Spirit   .   b - +0 scale mail
rPois    .         Reflect  .   (helmet restricted)
rElec    .         Harm     .   (no cloak)
rCorr    .         Rampage  .   (no gloves)
Will     .....                  (no boots)
Stlth    ..........             (no amulet)
HPRegen  0.11/turn              (no ring)
MPRegen  0.08/turn              (no ring)

@: mighty
A: horns 2, retaliatory headbutt
a: no special abilities


You were on level 2 of the Dungeon.
You visited 1 branch of the dungeon, and saw 2 of its levels.

You collected 12 gold pieces.

Inventory:

Hand Weapons
 a - a +0 war axe (weapon)
Missiles
 f - 26 stones (quivered)
Armour
 b - a +0 scale mail (worn)
 c - a +0 kite shield (worn)
Scrolls
 e - a scroll of silence {unknown}
 g - 2 scrolls of fear {unknown}
 h - a scroll of amnesia {unknown}
 j - a scroll of identify {unknown}
Potions
 i - 2 potions of mutation {unknown}


   Skills:
 + Level 4.0 Fighting
 * Level 3.5 Axes
 - Level 3.6 Armour
 + Level 4.1 Shields


You had 2 spell levels left.
You didn't know any spells.
Your spell library was empty.

Dungeon Overview and Level Annotations

Branches:
Dungeon (2/15)

Altars:

Annotations:
D:2 Sigmund


Innate Abilities, Weirdness & Mutations

You have a pair of horns on your head.
You reflexively headbutt those who attack you in melee.


Message History

Done exploring.
There is a stone staircase leading down here.
You climb downwards.
There is a stone staircase leading up here.
Found an escape hatch in the ceiling.
Found a whip.
A rat comes into view.
A rat is nearby!
The rat bites you.
Your shield prevents you from hitting the rat.
You block the rat's attack.
You hit the rat.
You kill the rat!
You see here a rat corpse.
Found a stone staircase leading up.
Sigmund the Dreaded comes into view.
He is wielding a +2 vorpal scythe.
Sigmund is nearby!
Sigmund casts a spell at you.
You are confused.
You bump into the rock wall.
You bump into the rock wall.
Okay, then.
You feel very mighty all of a sudden.
You feel less confused. Sigmund gestures at you while chanting.
The magic dart hits you.
Sigmund gestures wildly while chanting.
Sigmund flickers and vanishes!
Deactivating autopickup; reactivate with Ctrl-A.
Something hits you! Something hits you.
You slash something! Your headbutt misses something.
You block something's attack.
Your shield and scale mail prevent you from hitting something.
You headbutt something! Something hits you but does no damage.
Something hits you.
You miss something. You headbutt something. Something hits you!
* * * LOW HITPOINT WARNING * * *
x2 Something hits you.
You die...

#.. .........# #.
#.. ...#..$.# #..
#.# #..#....## #..
##.# #.......<###
#...
..####..........
#..<###...# .......#
#...#...#.###.#....#
).............#.{..#
.#......#.######@#.#
####.###.# ####.# #
#.# #.###....# #.#
#.#.....##
#<###.#.#.#.#####
#.##.†...........
#.##..#.#.#.#####
#.##..#.....#
.#.#..#####.#


There were no monsters in sight!

Vanquished Creatures
  4 bats (D:1)
  2 endoplasms (D:1)
  A giant cockroach (D:1)
  A goblin (D:1)
  2 hobgoblins (D:1)
  4 jackals (D:1)
  3 kobolds (D:1)
  2 quokkas (D:1)
  4 ball pythons (D:1)
  3 rats
26 creatures vanquished.

Notes
Turn   | Place    | Note
-------+----------+-------------------------------------------
     0 | D:1      | Illumine the Minotaur Fighter began the quest for the Orb.
     0 | D:1      | Reached XP level 1. HP: 19/19 MP: 0/0
   128 | D:1      | Reached XP level 2. HP: 20/27 MP: 1/1
   766 | D:1      | Reached XP level 3. HP: 21/33 MP: 2/2
  1019 | D:2      | Noticed Sigmund
  1034 | D:2      | HP: 1/33 [something (1)]
  1034 | D:2      | Slain by Sigmund

Illustrated notes

Levels and vault maps discovered:
D:1:      eino_arrival_water_cross, layout_basic, minmay_misc_feat_iff
D:2:      layout_loops_ring, uniq_robin, uniq_sigmund

Skill      XL: |  1  2 |
---------------+-------+-----
Axes           | 3 |  3.5
Shields        | 4 |  4.1
Fighting       | 4 |  4.0
Armour         | |  3.6

Action                   || total
-------------------------++-------
Melee: War axe           ||    54
       Headbutt          ||     7
  Use: Potion            ||     1
Armor: Scale mail        ||    23
Dodge: Dodged            ||    13
Block: Kite shield       ||    30

Table legend: (Time is in decaauts)
 A = Elapsed time spent in this place.
 B = Non-inter-level travel time spent in this place.
 C = Inter-level travel time spent in this place.
 D = Time resting spent in this place.
 E = Time spent auto-exploring this place.
 F = Levels seen in this place.
 G = Mean time per level.
                   A        B        C        D        E       F      G
               +--------+--------+--------+--------+--------+-----+--------+
         Total |   1063 |   1050 |     13 |     29 |    852 |   2 |  531.5 |
       Dungeon |   1063 |   1050 |     13 |     29 |    852 |   2 |  531.5 |
               +--------+--------+--------+--------+--------+-----+--------+

Top non-repeatable levels by time:
     D:1: 1019 daAuts
     D:2: 44 daAuts
